Map: King Sejong Station LE

Players

Chammy (Cham) - Winner!

  • Race: Zerg Zerg
  • League: Grandmaster
  • Spawn Location: 11:00

Major (SpeCial)

  • Race: Terran Terran
  • League: Master
  • Spawn Location: 5:00

Event: Copa América 2016 Grand Finals

VOD

https://youtu.be/tIl6wRYzFL0

Description

Time

  • Played on: Oct. 14, 2016, 1:40 p.m.
  • Length: 17:58

All games in this series

Show
View Real Time Build Order
Export as new Build Order

Chammy Zerg - Winner!

Build Orders: Hatch First 

Get SALT Encoding   

  12  0:01  Drone  
  13  0:08  Drone  
  14  0:18  Overlord  
  14  0:36  Drone x3  
  17  0:52  Hatchery  
  17  0:55  Drone  
  17  0:59  Drone  
  18  1:09  Extractor  
  17  1:15  Spawning Pool  
  17  1:17  Drone  
  17  1:20  Drone  
  18  1:30  Drone  
  19  1:40  Overlord  
  19  1:52  Drone  
  20  2:01  Queen  
  20  2:02  Zergling x2  
  20  2:03  Queen  
  20  2:04  Zergling x2  
  26  2:10  Metabolic Boost  
  26  2:13  Zergling x2  
  27  2:15  Drone  
  28  2:24  Drone  
  28  2:27  Overlord  
  29  2:34  Drone  
  30  2:38  Drone, Queen  
  30  2:43  Queen  
  35  2:47  Drone  
  35  2:49  Drone  
  37  2:55  Overlord  
  38  2:58  Drone  
  38  3:07  Drone  
  38  3:09  Drone x2  
  38  3:12  Drone x3  
  44  3:14  Drone  
  44  3:15  Drone  
  46  3:25  Drone x2  
  48  3:31  Hatchery  
  47  3:37  Drone x2  
  49  3:42  Roach Warren  
  49  3:44  Drone x3  
  49  3:45  Drone  
  52  3:49  Extractor  
  52  3:52  Overlord  
  52  3:54  Zergling x2  
  52  3:58  Overlord  
  52  4:06  Spore Crawler  
  52  4:08  Zergling x2, Overlord  
  52  4:11  Zergling x2  
  52  4:12  Zergling x2  
  52  4:15  Drone x3  
  57  4:21  Roach x2  
  57  4:22  Roach x2  
  65  4:27  Roach  
  61  4:32  Roach  
  61  4:36  Roach  
  62  4:40  Drone  
  62  4:43  Drone  
  64  4:50  Drone x4  
  64  4:51  Drone  
  64  4:52  Drone  
  68  4:55  Drone  
  68  4:56  Evolution Chamber, Drone  
  68  4:58  Drone  
  70  5:00  Ravager  
  70  5:01  Spore Crawler  
  70  5:02  Ravager  
  70  5:05  Drone x2  
  70  5:06  Drone  
  74  5:13  Drone  
  72  5:21  Ravager, Drone x2  
  71  5:23  Overlord  
  71  5:27  Overlord x2, Drone  
  74  5:31  Lair  
  74  5:34  Overlord  
  74  5:36  Spore Crawler  
  74  5:40  Overlord  
  74  5:41  Drone, Queen  
  76  5:43  Extractor, Zerg Ground Armor Level 1  
  76  5:44  Extractor  
  76  5:46  Drone x2  
  76  5:49  Overlord  
  76  5:51  Zergling x4  
  76  5:52  Zergling x2  
  76  5:54  Zergling x4  
  81  6:02  Roach x3  
  87  6:08  Roach x3  
  87  6:09  Roach  
  95  6:16  Roach x2  
  95  6:18  Drone x2  
  91  6:20  Drone  
  91  6:22  Drone  
  92  6:28  Drone  
  92  6:32  Drone x3  
  92  6:33  Overlord  
  92  6:34  Drone  
  92  6:35  Drone  
  94  6:40  Drone  
  94  6:42  Drone  
  94  6:46  Extractor, Drone  
  96  6:47  Infestation Pit  
  96  6:50  Spore Crawler, Drone  
  96  6:51  Overlord  
  96  6:53  Extractor  
  94  6:55  Overseer  
  94  6:56  Glial Reconstitution, Overlord  
  94  7:00  Drone  
  95  7:05  Overlord  
  95  7:06  Hatchery  
  94  7:08  Overlord  
  94  7:10  Ravager  
  94  7:12  Drone  
  94  7:14  Drone  
  94  7:15  Evolution Chamber, Drone  
  97  7:17  Overlord  
  97  7:20  Overlord  
  97  7:21  Roach  
  97  7:22  Roach x3  
  105  7:26  Overlord  
  105  7:44  Roach x4  
  111  7:50  Roach x3  
  111  7:51  Overlord, Roach  
  121  7:53  Overlord, Roach  
  123  8:04  Drone x2  
  123  8:06  Drone  
  123  8:07  Infestor x2, Overlord  
  123  8:08  Zergling x4  
  123  8:12  Zerg Ground Armor Level 2  
  130  8:15  Zerg Missile Weapons Level 1  
  130  8:17  Roach  
  130  8:18  Roach  
  134  8:22  Roach x3  
  134  8:26  Drone x2  
  134  8:27  Drone x2  
  143  8:30  Roach  
  143  8:31  Overlord  
  143  8:33  Drone  
  143  8:46  Drone x3  
  143  8:48  Hive  
  146  8:49  Extractor, Overlord  
  146  8:53  Zergling x6  
  149  8:55  Drone x2  
  149  8:56  Drone  
  151  9:02  Extractor  
  151  9:03  Roach  
  151  9:04  Drone  
  151  9:05  Roach  
  151  9:06  Spore Crawler  
  151  9:07  Zergling x2, Ravager x2  
  151  9:09  Zergling x2, Roach  
  160  9:16  Roach x6  
  172  9:18  Roach x3  
  159  9:31  Roach  
  159  9:33  Roach x3  
  159  9:34  Roach  
  159  9:36  Roach x2  
  159  9:37  Roach  
  159  9:38  Roach x2  
  179  9:40  Queen  
  179  9:44  Roach x2  
  180  9:52  Drone  
  180  9:55  Roach x2  
  180  9:56  Zergling x2, Ravager x2  
  180  9:57  Roach x3  
  193  10:00  Adrenal Glands  
  193  10:01  Drone  
  193  10:02  Ultralisk Cavern  
  193  10:04  Ravager  
  193  10:05  Zergling x8  
  193  10:06  Hatchery  
  197  10:07  Overseer  
  189  10:24  Zerg Melee Weapons Level 1  
  179  10:32  Zerg Ground Armor Level 3  
  179  10:37  Ravager x2  
  179  10:38  Zergling x2, Ravager  
  179  10:39  Zergling x10  
  179  10:40  Overlord  
  179  10:41  Zergling x8  
  192  10:43  Zergling x2  
  192  10:44  Zergling x8  
  197  10:52  Zergling x6  
  189  10:57  Roach x2  
  181  11:11  Chitinous Plating  
  157  11:15  Ultralisk x3  
  157  11:16  Zergling x10  
  157  11:17  Zergling x6  
  176  11:22  Ravager, Roach x2  
  176  11:23  Roach x3  
  176  11:24  Roach  
  176  11:25  Roach x2  
  193  11:26  Roach  
  193  11:27  Roach  
  193  11:28  Roach  
  193  11:42  Roach  
  193  11:43  Roach x2  
  196  12:00  Ultralisk  
  185  12:02  Zergling x8  
  185  12:03  Zergling x4  
  185  12:04  Zergling x4  
  192  12:10  Ultralisk  
  189  12:28  Extractor  
  189  12:29  Extractor  
  171  12:33  Ultralisk x2  
  171  12:35  Ravager x6  
  171  12:36  Zergling x2  
  188  12:49  Ultralisk  
  181  13:02  Ultralisk  
  171  13:07  Ultralisk  
  170  13:20  Ultralisk  
  176  13:27  Drone  
  176  13:28  Hatchery  
  176  13:31  Zerg Melee Weapons Level 2  
  176  13:38  Spire  
  176  13:40  Drone  
  176  13:41  Baneling Nest  
  176  13:46  Zergling x6  
  176  13:47  Zergling x22  
  176  13:48  Infestor  
  190  13:58  Infestor  
  190  14:00  Zergling x2  
  190  14:05  Drone x3  
  190  14:06  Drone x4  
  186  14:13  Overseer  
  186  14:16  Drone x2  
  185  14:17  Drone x2  
  185  14:20  Drone x4  
  176  14:28  Drone x3  
  176  14:33  Centrifical Hooks  
  176  14:38  Zergling x8, Ultralisk x2  
  189  14:39  Zergling x6  
  194  14:51  Hatchery  
  182  15:13  Corruptor x2, Zerg Flyer Weapons Level 1  
  182  15:14  Corruptor x5  
  195  15:24  Spore Crawler  
  193  15:34  Ravager x2  
  193  15:35  Baneling x5  
  193  15:36  Zergling x4  
  193  15:41  Infestor  
  193  15:43  Zergling x4  
  193  15:47  Zergling x8  
  192  16:04  Drone x3  
  192  16:09  Zergling x4  
  186  16:23  Corruptor  
  186  16:24  Corruptor x4  
  195  16:27  Spore Crawler  
  195  16:28  Corruptor  
  195  16:29  Zergling x4  
  195  16:31  Baneling x3  
  198  16:35  Spore Crawler  
  181  16:51  Corruptor x2  
  181  16:52  Zergling x4  
  167  16:54  Zergling x2  
  167  16:55  Zergling x8  
  152  17:08  Ultralisk  
  155  17:10  Zergling x2  
  155  17:12  Zergling x8  
  158  17:17  Corruptor  
  158  17:19  Zergling x2  
  161  17:23  Baneling x4  
  161  17:28  Zergling x4  
  165  17:40  Zergling x4  
Show
View Real Time Build Order
Export as new Build Order

Major Terran 

Build Orders: Liberator Opening 

Get SALT Encoding   

  12  0:00  SCV  
  13  0:13  SCV  
  14  0:17  Supply Depot  
  14  0:25  SCV  
  15  0:29  Refinery  
  15  0:38  SCV  
  16  0:45  Barracks  
  16  0:51  SCV  
  17  1:03  SCV  
  18  1:15  SCV  
  19  1:32  Orbital Command  
  20  1:33  Barracks Reactor  
  19  1:42  Command Center  
  19  1:53  Factory  
  19  1:57  SCV  
  20  2:04  Supply Depot  
  20  2:09  Marine x2  
  20  2:13  SCV  
  23  2:26  Marine, SCV  
  23  2:27  Marine  
  26  2:33  Refinery  
  26  2:38  Starport  
  26  2:42  SCV  
  27  2:44  Marine x2  
  27  2:45  Factory Reactor  
  29  2:54  SCV  
  29  2:58  Orbital Command  
  30  3:04  Marine x2  
  32  3:07  SCV  
  33  3:19  SCV  
  34  3:22  Marine x2  
  34  3:24  SCV  
  34  3:26  Medivac  
  39  3:28  Medivac  
  39  3:33  Supply Depot  
  41  3:34  Widow Mine  
  41  3:40  Marine x2  
  41  3:41  SCV  
  46  3:51  Liberator  
  46  3:54  SCV x2  
  48  3:58  Supply Depot  
  48  3:59  Marine x2  
  49  4:06  SCV x2  
  54  4:15  Supply Depot  
  54  4:20  Marine x2, SCV, Hellion x2  
  54  4:21  SCV  
  62  4:27  Supply Depot  
  61  4:34  Liberator  
  61  4:37  Marine x2  
  63  4:42  Hellion  
  63  4:43  SCV x2  
  59  4:55  SCV x2  
  59  4:56  Marine, Armory  
  59  4:57  Marine  
  63  5:00  Supply Depot  
  63  5:06  Hellion  
  63  5:08  SCV x2  
  63  5:09  Hellion  
  67  5:20  SCV x2  
  69  5:32  SCV x2  
  69  5:34  Marine x2  
  73  5:36  Command Center  
  73  5:40  Factory Tech Lab  
  73  5:44  SCV x2  
  73  5:47  Refinery x2  
  75  5:52  Marine x2  
  75  5:56  SCV x2  
  79  6:00  Siege Tank  
  79  6:02  Engineering Bay x2  
  81  6:04  Liberator  
  75  6:12  Marine x2  
  75  6:15  SCV x2  
  74  6:22  Barracks  
  74  6:24  Barracks  
  74  6:25  Barracks  
  73  6:28  SCV x2  
  73  6:32  Marine x2  
  67  6:38  Siege Tank  
  72  6:40  SCV x2  
  72  6:42  Terran Infantry Armor Level 1, Terran Infantry Weapons Level 1  
  74  6:47  Terran Vehicle Weapons Level 1  
  74  6:50  Marine x2  
  74  6:51  Supply Depot  
  74  6:52  Supply Depot, SCV  
  74  6:53  Orbital Command  
  77  6:56  SCV  
  78  7:04  Barracks, SCV  
  78  7:07  Barracks  
  79  7:08  Marine x2  
  79  7:13  Barracks Tech Lab  
  79  7:15  SCV  
  82  7:16  SCV  
  82  7:18  Siege Tank  
  82  7:19  Barracks Tech Lab  
  87  7:23  Barracks Reactor  
  87  7:24  Medivac x2  
  87  7:27  Supply Depot  
  87  7:28  SCV x2  
  92  7:35  Marine x3  
  95  7:37  Stimpack  
  95  7:38  Marine  
  95  7:40  SCV x3  
  96  7:50  Combat Shields  
  96  7:52  Marine, SCV x2  
  96  7:53  Marine x2, SCV  
  96  7:55  Missile Turret  
  96  7:56  Siege Tank  
  106  8:02  Barracks Reactor  
  106  8:03  Supply Depot, Barracks Reactor  
  106  8:04  Marine  
  106  8:05  Marauder  
  105  8:08  SCV x2  
  105  8:10  Refinery, SCV  
  105  8:12  Marine x3, Marauder  
  113  8:18  Armory  
  113  8:20  SCV  
  113  8:22  Marine  
  113  8:24  Supply Depot  
  113  8:26  Marine, Supply Depot  
  116  8:29  Medivac  
  116  8:30  Marine x3  
  116  8:33  Marine  
  122  8:34  Barracks  
  122  8:39  Marine  
  122  8:40  Marine x3  
  122  8:41  Marine  
  127  8:44  Marine  
  127  8:46  Siege Tank  
  127  8:48  Marine x3  
  133  8:52  Marauder  
  133  8:55  Supply Depot  
  136  8:56  Supply Depot  
  136  8:57  Marine  
  136  8:58  Marine x4  
  136  9:01  Marine  
  146  9:05  Marine  
  146  9:06  Marine x2, Supply Depot  
  149  9:15  Marine x2  
  149  9:16  Marauder  
  149  9:18  Terran Infantry Armor Level 2, Terran Infantry Weapons Level 2  
  149  9:20  Marauder  
  149  9:21  Terran Vehicle Weapons Level 2  
  151  9:25  Marine  
  151  9:30  Marine  
  135  9:32  Siege Tank  
  135  9:33  Marine x2  
  135  9:34  Marine x2  
  135  9:35  Marine  
  135  9:37  Marauder  
  135  9:38  Marine  
  133  9:40  Barracks Tech Lab  
  133  9:41  Marauder  
  133  9:43  Marine  
  136  9:46  Medivac  
  136  9:48  Marine  
  136  9:51  Marine x2  
  136  9:52  Marine  
  142  9:54  Medivac  
  142  9:55  Marine  
  142  9:56  Marine x2  
  142  9:58  Supply Depot  
  147  10:04  Marine x2, Marauder x2  
  147  10:06  Marine  
  154  10:08  Siege Tank  
  154  10:09  Marine  
  154  10:12  Marine  
  155  10:15  Marine  
  148  10:21  Medivac  
  148  10:23  Marine x2  
  148  10:24  Marine, Medivac  
  148  10:27  Marine x2  
  155  10:29  Marine  
  155  10:30  Marine x3, Concussive Shells, Marauder  
  161  10:35  Marine  
  161  10:40  Marine  
  161  10:41  Marine x2  
  165  10:45  Marine x2  
  165  10:48  Supply Depot, Marauder x2  
  171  10:51  Marauder  
  165  10:57  Liberator x2  
  165  10:58  Marine x4  
  165  11:02  Marine  
  165  11:09  Marine, Marauder x2  
  139  11:12  Marine  
  139  11:13  Marauder  
  148  11:22  Siege Tank  
  151  11:28  Marine x3  
  151  11:31  Marine, Marauder x2  
  159  11:33  Marine x3  
  159  11:34  Marine x2  
  159  11:45  Liberator x2  
  159  11:46  Marine x3  
  161  11:49  Marine  
  161  11:51  Marine  
  161  11:52  Marauder x2  
  167  11:56  Marine  
  167  11:57  Marine, Marauder  
  165  12:06  Siege Tank  
  174  12:13  Marine, Marauder x2  
  179  12:18  Marauder  
  179  12:27  Marine  
  180  12:33  Marine x2  
  180  12:35  Marauder x2  
  186  12:38  Siege Tank  
  189  12:45  Marauder  
  189  12:49  Marine  
  185  12:51  Marine  
  185  12:55  Marine  
  185  12:56  Marauder x2  
  181  13:01  Marine  
  158  13:07  Marauder  
  158  13:08  Marine x2  
  158  13:10  Liberator x2  
  158  13:18  Marauder x2  
  164  13:39  Marine x2, Marauder x2  
  170  13:44  Marine x2  
  170  13:45  Marauder  
  170  13:46  Orbital Command  
  174  13:52  Marine  
  174  13:53  Liberator  
  172  14:00  Marauder x2  
  172  14:01  Marine  
  172  14:02  Marine  
  175  14:06  Marauder  
  175  14:09  Marine  
  177  14:11  Marine x2  
  177  14:12  Marine  
  182  14:20  Marine x2  
  182  14:22  Marauder x2  
  182  14:23  Marine  
  174  14:28  Marauder  
  176  14:31  Marine  
  176  14:33  Medivac  
  176  14:38  Sensor Tower  
  176  14:41  Marine x4  
  176  14:43  Marauder x2  
  184  14:46  Marine x2  
  184  14:49  Marauder, Factory Reactor  
  188  14:57  Marine  
  176  15:00  Marine x2  
  176  15:03  Marine, Liberator  
  176  15:04  Marine x2, Marauder  
  176  15:05  Marauder  
  168  15:09  Marine x2  
  168  15:10  Liberator, Marauder  
  169  15:16  Ghost Academy  
  169  15:17  Marine  
  173  15:23  Missile Turret  
  173  15:26  Marauder x2  
  180  15:32  Marauder  
  181  15:37  Marine  
  179  15:47  Marine, Marauder x2  
  184  15:50  Marine  
  184  15:52  Marine x2  
  184  15:53  Marauder  
  184  16:02  Marine  
  177  16:04  Liberator x2  
  177  16:09  Marauder x2  
  181  16:48  Marine x3, Marauder  
  181  16:49  Marine x2  
  181  16:50  Marine  
  179  16:57  Marine, Marauder  
  167  17:02  Marine, Marauder  
  167  17:07  Marine x2  
  127  17:10  Marauder  
  127  17:12  Marine x2  
  119  17:19  Marauder  
  119  17:21  Marine  
  119  17:22  Marine  
  114  17:24  Marine x2, Marauder  
  114  17:29  Marine x2  
  120  17:31  Marauder  
  120  17:32  Marine x2  
  124  17:39  Marine  
  124  17:40  Marine  
Tags
 
Add a new tag
Caveats
  • Supply blocks, unpowered buildings, or Contaminate may cause inaccurate times.
  • Supply counts are checked every 10 seconds.